 Dungeon Crawl Stone Soup version 0.22-a0-348-gd16d139 (webtiles) character file.

3131 nikopol the Thaumaturge (level 9, -4/46 HPs)
             Began as a Deep Elf Fire Elementalist on Apr 9, 2018.
             Was a Believer of Vehumet.
             Slain by a death yak (30 damage)
             ... on level 8 of the Dungeon.
             The game lasted 00:32:53 (7480 turns).

nikopol the Thaumaturge (DEFE)                      Turns: 7480, Time: 00:32:54

Health: -4/46      AC:  6    Str:  5    XL:     9   Next: 61%
Magic:  20/34      EV: 14    Int: 24    God:    Vehumet [**....]
Gold:   413        SH:  0    Dex: 19    Spells: 14/29 levels left

rFire    . . .     SeeInvis .   j - +2 dagger (venom)
rCold    . . .     Gourm    .   (no shield)
rNeg     . . .     Faith    .   A - +0 robe "Qetiw" {Dex+4} (curse)
rPois    .         Spirit   .   x - +2 hat
rElec    .         Reflect  .   (no cloak)
rCorr    .         Harm     .   z - +0 pair of gloves
MR       +....                  H - +0 pair of boots
Stlth    +++.......             y - amulet of magic regeneration
HPRegen  0.15/turn              k - ring of magical power
MPRegen  0.49/turn              l - ring of protection from magic

@: no status effects
A: no striking features
a: Renounce Religion


You were on level 8 of the Dungeon.
You worshipped Vehumet.
Vehumet was pleased with you.
You were not hungry.

You visited 2 branches of the dungeon, and saw 9 of its levels.

You collected 413 gold pieces.

Inventory:

Hand Weapons
 j - a +2 dagger of venom (weapon)
Armour
 x - a +2 hat (worn)
 z - a +0 pair of gloves (worn)
 A - the cursed +0 robe "Qetiw" (worn) {Dex+4}
   (You found it on level 4 of the Dungeon)

   It affects your dexterity (+4).
   It has a curse placed upon it.
 H - a +0 pair of boots (worn)
Jewellery
 k - a ring of magical power (left hand)
 l - a ring of protection from magic (right hand)
 y - an amulet of magic regeneration (around neck)
Wands
 t - a wand of iceblast (18)
 C - a wand of paralysis (10)
 G - a wand of acid (7)
Scrolls
 b - 2 scrolls of fog {unknown}
 f - 7 scrolls of teleportation {unknown}
 i - 10 scrolls of remove curse {unknown}
 m - a scroll of magic mapping {unknown}
 o - 2 scrolls of enchant weapon {unknown}
 p - 3 scrolls of immolation {unknown}
 r - 5 scrolls of identify {unknown}
 s - 2 scrolls of fear {unknown}
 v - a scroll of enchant armour {unknown}
 I - a scroll of amnesia {unknown}
Potions
 a - a potion of brilliance {unknown}
 e - 2 potions of resistance {unknown}
 g - 6 potions of curing {unknown}
 h - a potion of cancellation {unknown}
 n - a potion of might {unknown}
 q - 3 potions of mutation {unknown}
 u - a potion of flight {unknown}
 w - a potion of haste {unknown}
 B - 2 potions of ambrosia {unknown}
 D - a potion of lignification {unknown}
 E - a potion of magic {unknown}
 F - a potion of invisibility {unknown}
Comestibles
 c - 16 rations


   Skills:
 + Level 0.6 Fighting
 + Level 3.6 Dodging
 + Level 5.1 Stealth
 + Level 10.5 Spellcasting
 + Level 7.2 Conjurations
 + Level 9.0 Fire Magic


You had 14 spell levels left.
You knew the following spells:

 Your Spells              Type           Power        Failure   Level  Hunger
a - Flame Tongue          Conj/Fire      #####        1%          1    None
b - Throw Flame           Conj/Fire      ######       1%          2    None
c - Conjure Flame         Conj/Fire      ######..     1%          3    None
d - Sticky Flame          Conj/Fire      ######..     1%          4    None
e - Fireball              Conj/Fire      ######....   4%          5    ####...


Dungeon Overview and Level Annotations

Branches:
Dungeon (8/15)             Temple (1/1) D:4            Lair (0/6) D:8

Altars:
Dithmenos
Gozag
Hepliaklqana
Makhleb
Nemelex Xobeh
Ru
Trog
Uskayaw
Vehumet
Wu Jian
Xom
Yredelemnul
The Shining One

Shops:
D:8 }


Message History

Confirm with . or Enter, or press ? or * to list all spells.
You don't know that spell.
Drop what? 34/52 slots (_ for help) (? for menu, Esc to quit)
Okay, then.
Unknown command.
Casting: Flame Tongue (safe; 1% risk of failure)
Confirm with . or Enter, or press ? or * to list all spells.
Aiming: Sticky Flame (safe; 1% risk of failure)
Press: ? - help, Shift-Dir - straight line, f/p - death yak
Aim: a death yak (severely wounded)
The sticky flame hits the death yak.
The death yak is severely wounded.
The death yak is covered in liquid flames!
The death yak burns! x2
The death yak gores you but does no damage.
The death yak is engulfed in blazing flames.
The death yak gores you!
The death yak burns! x2; The death yak gores you!!
Ouch! That really hurt!
You die...

#########
###############..<....#
.o....#...............#
.........######.......#
#..##.............
#@.##.###......... #
#.Y...............
#.#Y###.##.......... #
#.#.# #.##.#######..
.#.##.#.# #.##.# ..
.....c.<###.##.#
<#......∩...##..
####.#..#######
#.#........


You could see 2 death yaks.

Vanquished Creatures
  A death yak (D:7)
  A water moccasin (D:5)
  A black bear (D:7)
  A phantom (D:7)
  2 sky beasts
  The ghost of TheNamelessOne the Skirmisher, an amateur DsCK of Xom (D:3)
  3 centaurs
  3 ogres
  4 big kobolds
  A bullfrog (D:8)
  A gnoll sergeant (D:7)
  A water moccasin zombie (D:7)
  2 scorpions (D:7)
  A water moccasin skeleton (D:4)
  2 crimson imps
  2 orc priests
  A hound (D:7)
  A jelly (D:8)
  An iguana (D:4)
  12 orc wizards
  2 worker ants
  A hound skeleton (D:7)
  6 gnolls
  8 adders
  A shadow imp (D:6)
  2 oozes
  An adder skeleton (D:4)
  A worm (D:5)
  2 dart slugs
  6 leopard geckos
  28 orcs
  A ball python (D:1)
  4 giant cockroaches
  3 goblins
  6 hobgoblins
  7 jackals
  15 kobolds
  3 quokkas
  8 bats
  2 frilled lizards
  A leopard gecko skeleton (D:6)
  A leopard gecko zombie (D:5)
  A quokka skeleton (D:8)
  2 rats
154 creatures vanquished.

Notes
Turn   | Place    | Note
-------+----------+-------------------------------------------
     0 | D:1      | nikopol the Deep Elf Fire Elementalist began the quest for the Orb.
     0 | D:1      | Reached XP level 1. HP: 10/10 MP: 6/6
   147 | D:1      | Reached XP level 2. HP: 15/15 MP: 5/8
   965 | D:2      | Reached XP level 3. HP: 19/19 MP: 7/10
   992 | D:2      | Found a shimmering altar of Xom.
  1684 | D:3      | Reached skill level 4 in Spellcasting
  1855 | D:3      | Noticed TheNamelessOne's ghost (amateur DsCK)
  1865 | D:3      | Learned a level 2 spell: Throw Flame
  1869 | D:3      | Learned a level 3 spell: Conjure Flame
  2110 | D:2      | You fall through a shaft for 2 floors!
  2154 | D:4      | Reached XP level 4. HP: 23/24 MP: 9/12
  2160 | D:4      | Learned a level 4 spell: Sticky Flame
  2346 | D:4      | Reached XP level 5. HP: 7/28 MP: 1/14
  2640 | D:4      | Reached skill level 5 in Spellcasting
  2837 | D:3      | Noticed an ogre
  2846 | D:3      | Killed an ogre
  2846 | D:3      | Reached skill level 5 in Fire Magic
  2846 | D:3      | Reached XP level 6. HP: 32/32 MP: 6/16
  3156 | D:3      | Killed TheNamelessOne's ghost
  3156 | D:3      | Reached skill level 6 in Spellcasting
  3617 | D:4      | Learned a level 5 spell: Fireball
  3737 | D:4      | Reached XP level 7. HP: 36/36 MP: 18/18
  3831 | D:4      | Found a staircase to the Ecumenical Temple.
  3853 | D:4      | Got a twisted robe
  3870 | Temple   | Entered the Ecumenical Temple
  3881 | Temple   | Identified the cursed +0 robe "Qetiw" {Dex+4} (You found it on level 4 of the Dungeon)
  3922 | Temple   | Became a worshipper of Vehumet
  4019 | D:4      | Found a hazy altar of Hepliaklqana.
  4019 | D:4      | Found a glowing golden altar of the Shining One.
  4579 | D:5      | Entered Level 5 of the Dungeon
  4768 | D:5      | Reached * piety under Vehumet
  4768 | D:5      | Offered knowledge of Sandblast by Vehumet.
  4977 | D:5      | Reached skill level 7 in Spellcasting
  5158 | D:5      | Reached skill level 5 in Conjurations
  5158 | D:5      | Reached XP level 8. HP: 41/41 MP: 14/20
  5235 | D:5      | Found a glowing golden altar of the Shining One.
  5760 | D:6      | Found an ornate altar of the Wu Jian Council.
  5866 | D:6      | Reached skill level 8 in Spellcasting
  6471 | D:7      | Offered knowledge of Searing Ray by Vehumet.
  6476 | D:7      | Reached ** piety under Vehumet
  6584 | D:7      | Reached skill level 9 in Spellcasting
  6592 | D:7      | Reached XP level 9. HP: 46/46 MP: 24/24
  7141 | D:7      | Found a shadowy altar of Dithmenos.
  7249 | D:8      | Found Yfyaffen's Gadget Emporium.
  7268 | D:8      | Reached skill level 10 in Spellcasting
  7269 | D:8      | Found a staircase to the Lair.
  7269 | D:8      | Noticed a death yak
  7269 | D:8      | Noticed a death yak
  7293 | D:8      | Noticed a death yak
  7305 | D:7      | Killed a death yak
  7455 | D:8      | Reached skill level 5 in Stealth
  7480 | D:8      | Slain by a death yak

Vault maps used:
D:1:      dpeg_arrival_round_a, minmay_stone_trees_medium
D:2:      xom_teletrap_fun
D:3:      skrybe_limestone_x
D:4:      cheibrodos_thug_alley, gammafunk_temple_overflow_wave,
          minmay_temple_entry_trees, first_ration, minmay_crystal_water,
          minivault_5, st_stairs_5
D:5:      basic_altar
D:6:      basic_altar
D:7:      kennysheep_mini_moat
D:8:      elyvilon_altar_1, dpeg_lair_monsters, serial_shops, shop
Temple:   eino_temple_rhombus

Skill      XL: |  1  2  3  4  5  6  7  8  9 |
---------------+----------------------------+-----
Fire Magic     | 4 5 7 8 9 |  9.0
Spellcasting   | 4 5 6 7 9 10 | 10.5
Conjurations   | 2 3 5 6 7 |  7.2
Dodging        | 3 |  3.6
Stealth        | 3 4 5 |  5.1
Fighting       | |  0.6

Action                   |  1- 3 |  4- 6 |  7- 9 || total
-------------------------+-------+-------+-------++-------
Melee: Dagger            |       |       |    22 ||    22
 Cast: Flame Tongue      |    66 |    69 |   143 ||   278
       Conjure Flame     |     1 |     4 |     4 ||     9
       Sticky Flame      |       |     4 |    20 ||    24
       Throw Flame       |       |     4 |    16 ||    20
       Fireball          |       |       |    19 ||    19
  Eat: Chunk             |     4 |     5 |    15 ||    24
       Ration            |       |       |     1 ||     1
Armor: Robe              |     8 |       |    12 ||    20
Dodge: Dodged            |    35 |     8 |    43 ||    86

Table legend:
 A = Spawn XP
 B = Non-spawn XP
 C = Spawn XP percentage of total XP
 D = Spawn monster count
 E = Non-spawn monster count
 F = Spawn count percentage of total count
 G = Total turns spent on level
                    A         B        C        D         E        F      G
               +---------+---------+-------+---------+---------+-------+---------
         Total |       0 |    4473 |   0.0 |       0 |     154 |   0.0 |  7480
               +---------+---------+-------+---------+---------+-------+---------
           D:1 |       0 |      34 |   0.0 |       0 |      15 |   0.0 |   817
           D:2 |       0 |      18 |   0.0 |       0 |       9 |   0.0 |   860
           D:3 |       0 |     315 |   0.0 |       0 |      19 |   0.0 |  1312
           D:4 |       0 |     550 |   0.0 |       0 |      31 |   0.0 |  1527
           D:5 |       0 |     769 |   0.0 |       0 |      28 |   0.0 |  1181
           D:6 |       0 |     689 |   0.0 |       0 |      27 |   0.0 |   686
           D:7 |       0 |    1967 |   0.0 |       0 |      22 |   0.0 |   959
           D:8 |       0 |     131 |   0.0 |       0 |       3 |   0.0 |    75
               +---------+---------+-------+---------+---------+-------+---------
